 Dungeon Crawl Stone Soup version 0.19-a0-599-g723c685 (webtiles) character file.

32 Loading the Skirmisher (level 3, -6/24 HPs)
             Began as a Gargoyle Fighter on June 11, 2016.
             Mangled by Sigmund
             ... wielding a +0 scythe
              (9 damage)
             ... on level 2 of the Dungeon.
             The game lasted 00:02:16 (1233 turns).

Loading the Skirmisher (Gargoyle Fighter)           Turns: 1233, Time: 00:02:17

Health: -6/24      AC: 12    Str: 24    XL:     3   Next: 27%
Magic:  3/3        EV:  9    Int:  8    God:
Gold:   47         SH:  0    Dex: 10    Spells: 0 memorised, 2 levels left

rFire  . . .     SeeInvis .     a - +0 flail
rCold  . . .     Gourm    .     b - +0 scale mail
rNeg   + . .     Faith    .     (no shield)
rPois  ∞         Spirit   .     (no helmet)
rElec  +         Dismiss  .     e - +0 cloak
rCorr  .         Reflect  .     k - +0 pair of gloves
SustAt .         Harm     .     (no boots)
MR     .....                    (no amulet)
Stlth  ..........               (no ring)
                                (no ring)

@: mighty, not resistant to hostile enchantments, extremely unstealthy
A: negative energy resistance 1, electricity resistance, unbreathing,
petrification resistance, rot immunity, AC +3
a: no special abilities


You were on level 2 of the Dungeon.
You were not hungry.

You visited 1 branch of the dungeon, and saw 2 of its levels.

You collected 47 gold pieces.

Inventory:

Hand Weapons
 a - a +0 flail (weapon)
Armour
 b - a +0 scale mail (worn)
 c - a +0 shield
 e - a +0 cloak (worn)
 k - a +0 pair of gloves (worn)
Jewellery
 m - an uncursed ring of ice {unknown}
Scrolls
 g - a scroll of remove curse {unknown}
 j - a scroll of fear {unknown}
Potions
 d - 2 potions of might
 i - a potion of degeneration {unknown}
 l - a potion of brilliance {unknown}
Comestibles
 f - a bread ration
 h - a meat ration
 n - a chunk of flesh


   Skills:
 + Level 3.7 Fighting
 * Level 2.8 Maces & Flails
 + Level 3.7 Armour
 - Level 3.2 Shields


You had 2 spell levels left.
You didn't know any spells.

Dungeon Overview and Level Annotations

Branches:
Dungeon (2/15)

Altars:

Annotations:
D:2 Sigmund


Innate Abilities, Weirdness & Mutations

You are resistant to torment.
Your stone body is resilient. (AC +3)
You are immune to poison.
You resist negative energy. (rN+)
You are resistant to electric shocks. (rElec)
You can survive without breathing.
You are immune to petrification.
You are immune to rotting.


Message History

You bump into the rock wall.
Sigmund barely misses you.
Sigmund points at you and mumbles some strange words.
The puff of flame hits you! Sigmund barely misses you.
Sigmund casts a spell.
Sigmund flickers and vanishes!
Deactivating autopickup; reactivate with Ctrl-A.
You feel less confused. Something hits you but does no damage.
You closely miss something. You miss something. Something hits you!
You hit something. Something hits you but does no damage.
You miss something. Something hits you.
* * * LOW HITPOINT WARNING * * *
You closely miss something. Something completely misses you.
You barely miss something. You miss something. Something hits you.
* * * LOW HITPOINT WARNING * * *
You miss something. Something hits you!
You die...

..... ########.....
#######....##......
......'............
#######...........
####.##....
###.#<##.##
#.....##..#
#.....###@##
#.......{..###.#
#..............#
###+#....^.....#
........?.#.#...
##.#.##.#..(..##
#.#.##.#.#.#.# #
#.##.......# #.
####..#.#


There were no monsters in sight!

Vanquished Creatures
  An adder (D:2)
  2 dart slugs (D:1)
  2 ball pythons (D:1)
  A giant cockroach (D:1)
  A goblin (D:1)
  A hobgoblin (D:1)
  3 jackals (D:1)
  A bat (D:1)
  2 giant newts (D:1)
  3 kobolds
  3 rats (D:1)
20 creatures vanquished.

Notes
Turn   | Place    | Note
--------------------------------------------------------------
     0 | D:1      | Loading the Gargoyle Fighter began the quest for the Orb.
     0 | D:1      | Reached XP level 1. HP: 14/14 MP: 1/1
    77 | D:1      | Reached XP level 2. HP: 19/19 MP: 2/2
  1022 | D:2      | Found a faded altar of an unknown god.
  1045 | D:2      | Reached XP level 3. HP: 23/24 MP: 3/3
  1215 | D:2      | Noticed Sigmund
  1233 | D:2      | Mangled by Sigmund

Vault maps used:
D:1:      sevenhm_arrival_forest_fort_large_4
D:2:      grunt_temple_overflow_magic_moments, nicolae_overflow_hidden_temple,
          ecumenical_altar_2, serial_glass, glass_columns_a, glass_columns_c,
          first_bread, nicolae_tso_swordbearing_angel, uniq_sigmund

Action                   || total
-------------------------++-------
Melee: Flail             ||    93
  Use: Potion            ||     1
  Eat: Chunk             ||     1
Armor: Scale mail        ||    78
Dodge: Dodged            ||    73
